 Dungeon Crawl Stone Soup version 0.31-a0-1612-g4aaf141004 (webtiles) character file.

Game seed: 18404400886304788015

114 CraigForest the Changeling (level 5, 0/34 HPs)
             Began as a Formicid Shapeshifter on Jan 9, 2024.
             Slain by a goblin
             ... wielding a +0 club
             ... led by Robin
              (2 damage)
             ... on level 2 of the Dungeon on Jan 10, 2024.
             The game lasted 00:10:36 (1240 turns).

CraigForest the Changeling (Formicid Shapeshifter)  Turns: 1240, Time: 00:10:36

Health: 0/34       AC:  5    Str: 20    XL:     5   Next: 19%
Magic:  5/5        EV: 11    Int: 10    God:
Gold:   119        SH:  0    Dex: 13    Spells: 4/4 levels left

rFire   . .          .
                       - Unarmed
rCold   . . .        (no shield)
rNeg    . . .        j - +0 ring mail
rPois   .            (helmet unavailable)
rElec   .            (cloak currently unavailable)
rCorr   .            (gloves currently unavailable)
SInv    +            (boots currently unavailable)
Will    .....        (no amulet)
Stlth   +            (no ring)
HPRegen 0.25/turn    (no ring)
MPRegen 0.09/turn

%: no passive effects
@: beast-form
A: beast (slay +2), permanent stasis, dig shafts and tunnels, antennae 3, four
strong arms, frail 1, screaming 1
a: Dig, Shaft Self, Begin Untransformation


You were on level 2 of the Dungeon.
You were a hulking beast.
You visited 1 branch of the dungeon, and saw 2 of its levels.

You collected 119 gold pieces.

Inventory:

Hand Weapons
 e - a +3 sling
Missiles
 g - 5 javelins (quivered)
Armour
 a - a +0 animal skin
 b - a +0 robe
 f - a +0 chain mail
 i - a +1 helmet
 j - a +0 ring mail (worn)
Talismans
 c - a beast talisman (active)
 d - a flux talisman
Scrolls
 h - 2 scrolls of revelation
 k - 2 scrolls of identify
 m - a scroll of vulnerability {unknown}
 n - a scroll of teleportation {unknown}
 o - a scroll of enchant weapon {unknown}


   Skills:
 + Level 1.8 Fighting
 + Level 0.3 Ranged Weapons
 + Level 0.2 Armour
 - Level 2.0 Dodging
 + Level 0.1 Stealth
 * Level 4.2 Unarmed Combat
 * Level 4.3 Shapeshifting


You had 4 spell levels left.
You didn't know any spells.
Your spell library contained the following spells:

 Spells                   Type           Power      Damage    Failure   Level
 Dazzling Flash           Conj/Hex       0%         N/A       88%         3
 Mephitic Cloud           Conj/Alch/Air  0%         N/A       88%         3
 Curse of Agony           Necr           0%         N/A       100%        5
 Silence                  Hex/Air        0%         N/A       100%        5


Dungeon Overview and Level Annotations

Branches:
Dungeon (2/15)

Altars:


Innate Abilities, Weirdness & Mutations

You are a hulking beast.
Your limbs bulge with bestial killing power. (Slay +2)
You cannot be hasted, slowed, berserked, paralysed or teleported.
You can dig through walls and to a lower floor.
You have a pair of large antennae on your head. (SInv)
Your four strong arms can wield two-handed weapons with a shield.
You are frail. (-10% HP)
You occasionally shout uncontrollably at your foes.


Message History

You kill the hobgoblin!
You punch the goblin!
You kill the goblin!
The goblin hits you with a +0 club.
You hit Robin.
Robin is moderately wounded.
The goblin hits you with a +0 club. Robin hits you but does no damage.
You hit Robin.
Robin is heavily wounded.
Robin completely misses you. The goblin hits you with a +0 club.
You barely miss Robin.
Robin is heavily wounded.
Robin hits you with a +0 mace. The goblin hits you with a +0 club.
You hit Robin.
Robin is almost dead.
The goblin hits you with a +0 club.
* * * LOW HITPOINT WARNING * * *
Robin barely misses you.
You hit Robin but do no damage.
Robin is almost dead.
The goblin hits you with a +0 club.
* * * LOW HITPOINT WARNING * * *
Robin barely misses you.
You hit Robin.
You kill Robin!
The goblin hits you with a +0 club.
* * * LOW HITPOINT WARNING * * *
You barely miss the hobgoblin. The hobgoblin hits you.
* * * LOW HITPOINT WARNING * * *
The goblin hits you with a +0 club.
* * * LOW HITPOINT WARNING * * *
Okay, then.
It was a potion of mutation.
You feel extremely strange.
You feel frail.
You feel the urge to shout. The hobgoblin misses you.
The goblin barely misses you.
Unknown command.
Okay, then.
You completely miss the goblin. The hobgoblin barely misses you.
The goblin hits you with a +0 club.
You die... #### #.. ### #.# gg.,

#########.#####.##...
#..[.........).....g.
#...).....##[.####'#
#..##..#.....g#
#......#.####g#
#...##.#.# #h#
#..<.....# #g#
#......######.#
###.###.......# { #.
#.......# #
#.......## ##.
#.........
##..###......###
............#


You could see 2 hobgoblins and a goblin (strong).

Vanquished Creatures
  A hound (D:2)
  Robin (D:2)
  2 adders (D:2)
  An endoplasm (D:1)
  3 giant cockroaches (D:1)
  5 hobgoblins
  4 jackals (D:1)
  2 quokkas
  6 ball pythons (D:1)
  4 bats
  2 frilled lizards
  9 goblins
  5 kobolds
  9 rats
54 creatures vanquished.

Notes
Turn   | Place    | Note
-------+----------+-------------------------------------------
     0 | D:1      | CraigForest the Formicid Shapeshifter began the quest for
                  | the Orb.
     0 | D:1      | Reached XP level 1. HP: 15/15 MP: 1/1
   132 | D:1      | Reached XP level 2. HP: 21/21 MP: 2/2
   313 | D:1      | Reached XP level 3. HP: 10/26 MP: 3/3
  1046 | D:2      | Reached XP level 4. HP: 32/32 MP: 4/4
  1203 | D:2      | Noticed Robin
  1220 | D:2      | Reached XP level 5. HP: 33/37 MP: 5/5
  1237 | D:2      | Killed Robin
  1239 | D:2      | Gained mutation: You are frail. (-10% HP) [potion of
                  | mutation]
  1239 | D:2      | Gained mutation: You occasionally shout uncontrollably at
                  | your foes. [potion of mutation]
  1240 | D:2      | Slain by a goblin

Illustrated notes

Levels and vault maps discovered:
D:1:      arrival_zaba_pyramid, layout_basic
D:2:      layout_loops_cross, hellmonk_ecumenical_altar_inner_sanctum,
          hangedman_decor_slide_cut, dreamdust_wishing_well, uniq_natasha,
          uniq_robin

Skill      XL: |  1  2  3 |
---------------+----------+-----
Shapeshifting  | 4 |  4.3
Dodging        | 2 |  2.0
Unarmed Combat | 4 |  4.2
Fighting       | |  1.8
Ranged Weapons | |  0.3
Armour         | |  0.2
Stealth        | |  0.1

Action                     |  1- 3 |  4- 6 || total
---------------------------+-------+-------++-------
  Melee: Unarmed           |    93 |    52 ||   145
         Punch             |     1 |       ||     1
   Fire: Sling             |     5 |       ||     5
    Use: Potion            |     1 |     1 ||     2
         Scroll            |     3 |       ||     3
 Armour: Animal skin       |    31 |       ||    31
         Skin              |    16 |       ||    16
         Chain mail        |    14 |       ||    14
         Ring mail         |     5 |    54 ||    59
  Dodge: Dodged            |    74 |    27 ||   101
   Form: Beast             |     1 |       ||     1

Table legend: (Time is in decaauts)
 A = Elapsed time spent in this place.
 B = Non-inter-level travel time spent in this place.
 C = Inter-level travel time spent in this place.
 D = Time resting spent in this place.
 E = Time spent auto-exploring this place.
 F = Levels seen in this place.
 G = Mean time per level.
                   A        B        C        D        E       F      G
               +--------+--------+--------+--------+--------+-----+--------+
         Total |   1231 |    957 |    274 |      4 |    470 |   2 |  615.5 |
       Dungeon |   1231 |    957 |    274 |      4 |    470 |   2 |  615.5 |
               +--------+--------+--------+--------+--------+-----+--------+

Top non-repeatable levels by time:
     D:1: 962 daAuts
     D:2: 268 daAuts
